 Dungeon Crawl Stone Soup version 0.29-a0-834-g1e95ca9f62 (console) character file.

Game seed: 18029480850603315324

56268 jejorda2 the Slicer (level 14, -7/171 HPs)
             Began as a Gnoll Berserker on July 13, 2022.
             Was a High Priest of Trog.
             Mangled by an orc warrior
             ... wielding a +0 glaive
              (13 damage)
             ... on level 2 of the Orcish Mines.
             The game lasted 00:57:07 (19953 turns).

jejorda2 the Slicer (Gnoll Berserker)              Turns: 19953, Time: 00:57:07

Health: -7/171     AC: 23    Str: 19    XL:     14   Next: 81%
Magic:  27/27      EV: 10    Int:  7    God:    Trog [*****.]
Gold:   121        SH: 13    Dex: 16    Spells: 32/32 levels left

rFire   + . .      SeeInvis .   a - +8 katana {vorpal, manifold assault}
rCold   . . .      Faith    +   V - +6 buckler of the Transparent God {Dex+2}
rNeg    . . .      Spirit   .   W - +1 plate armour {rF+}
rPois   +          Reflect  .   (no helmet)
rElec   .          Harm     .   r - scarf {shadows}
rCorr   .          Rampage  .   k - +2 pair of gloves
Will    +++..                   (no boots)
Stlth   ..........              L - amulet of faith
HPRegen 1.38/turn               P - +4 ring of protection
MPRegen 0.20/turn               J - ring of poison resistance

@: berserking, strong-willed, regenerating, studying Short Blades, very quick
A: fangs 1, strong nose, distributed training
a: Renounce Religion, Berserk, Trog's Hand, Brothers in Arms


You were on level 2 of the Orcish Mines.
You worshipped Trog.
Trog was extremely pleased with you.
You visited 3 branches of the dungeon, and saw 18 of its levels.

You collected 1126 gold pieces.
You spent 1005 gold pieces at shops.

Inventory:

Hand Weapons
 a - the +8 autumn katana (weapon) {vorpal, manifold assault}
   (You found it on level 6 of the Lair of Beasts)

   It sometimes launches melee attacks against multiple visible enemies.
 b - the +10 short sword of Ruarhup {freeze, Str+4}
   (You found it on level 4 of the Dungeon)

   It freezes those it strikes, dealing additional cold damage.
   It can also slow down cold-blooded creatures.
   Str:       It affects your strength (+4).
Missiles
 f - 162 stones
 n - 7 boomerangs (quivered)
 q - 37 poisoned darts
 z - 13 atropa-tipped darts
 N - 4 curare-tipped darts
Armour
 k - a +2 pair of gloves (worn)
 r - a scarf of shadows (worn)
 D - +0 ice dragon scales
 V - the +6 buckler of the Transparent God (worn) {Dex+2}
   (You found it on level 2 of the Lair of Beasts)

   Dex:       It affects your dexterity (+2).
 W - a +1 plate armour of fire resistance (worn)
Jewellery
 i - a ring of willpower
 o - a ring of willpower
 u - a +4 ring of protection
 F - a ring of protection from fire
 J - a ring of poison resistance (right hand)
 L - an amulet of faith (around neck)
 P - a +4 ring of protection (left hand)
 Q - a ring of fire
Wands
 e - a wand of iceblast (20)
 l - a wand of digging (24)
 A - a wand of paralysis (12)
 C - a wand of flame (26)
 G - a wand of mindburst (9)
 K - a wand of acid (5)
Scrolls
 h - 4 scrolls of enchant weapon
 t - a scroll of poison
 v - 4 scrolls of teleportation
 y - 2 scrolls of fog
 E - 3 scrolls of enchant armour
 M - 2 scrolls of torment {unknown}
 T - a scroll of silence
 U - 3 scrolls of noise {unknown}
Potions
 c - 7 potions of heal wounds
 g - 13 potions of curing
 j - a potion of mutation
 m - 4 potions of attraction
 p - a potion of lignification
 s - a potion of resistance
 x - 2 potions of haste
 B - 3 potions of flight
 H - 5 potions of might
 I - 2 potions of invisibility {unknown}
 R - a potion of cancellation {unknown}
 S - 2 potions of ambrosia {unknown}
Miscellaneous
 O - a phial of floods


   Skills:
 + Level 11.8 Fighting
 + Level 14.7 Short Blades
 + Level 9.9 Long Blades
 + Level 9.9 Axes
 + Level 9.9 Maces & Flails
 + Level 9.9 Polearms
 + Level 9.9 Staves
 + Level 9.9 Ranged Weapons
 + Level 9.9 Throwing
 + Level 10.9 Armour
 + Level 10.9 Dodging
 + Level 9.9 Stealth
 + Level 9.9 Shields
 + Level 9.9 Unarmed Combat
 + Level 9.9 Spellcasting
 + Level 8.2 Conjurations
 + Level 8.2 Hexes
 + Level 8.2 Summonings
 + Level 8.2 Necromancy
 + Level 8.2 Translocations
 + Level 8.2 Transmutations
 + Level 8.2 Fire Magic
 + Level 8.2 Ice Magic
 + Level 8.2 Air Magic
 + Level 8.2 Earth Magic
 + Level 8.2 Poison Magic
 + Level 10.7 Invocations
 + Level 9.9 Evocations


You had 32 spell levels left.
You didn't know any spells.
Your spell library was empty.

Dungeon Overview and Level Annotations

Branches:
Dungeon (10/15)            Temple (0/1) D:4            Lair (6/6) D:10
 Shoals (0/4) Lair:2        Snake (0/4) Lair:4        Slime (0/5) Lair:6
    Orc (2/2) D:10
    Elf: Orc:2

Altars:
Ashenzari
Hepliaklqana
Kikubaaqudgha
Makhleb
Okawaru
Qazlal
Ru
Sif Muna
Uskayaw
Vehumet
Xom
Yredelemnul
Jiyva

Shops:
D:7 *   D:9 :   D:10 =

Annotations:
Lair:2 3 runed translucent doors, coolguy69's ghost, journeyman VSBe
Orc:2 3 runed translucent doors, Blork the orc; IndoAryan's ghost, journeyman HuAK


Innate Abilities, Weirdness & Mutations

You have very sharp teeth.
Your uncanny sense of smell can sniff out nearby items.
Your experience applies equally to all skills.


Message History

You slice something!! Trog accepts your kill.
Trog appreciates your killing of a magic user.
Reactivating autopickup.
You feel a bit more experienced.
You hear a shout!
You slice the orc wizard!!
You kill the orc wizard!
Trog accepts your kill.
Trog appreciates your killing of a magic user.
The orc knight hits you but does no damage.
The orc warrior hits you from afar with a +0 halberd!!
* * * LOW HITPOINT WARNING * * *
The orc warrior hits you from afar with a +0 glaive!
* * * LOW HITPOINT WARNING * * *
You slice the orc knight!!
The orc knight is heavily wounded.
You hear the rumble of an avalanche of rocks.
You slash the orc knight! Your bite misses the orc knight.
The orc knight is severely wounded.
The orc warrior hits you but does no damage.
Blork the orc comes into view.
He is wielding a +0 halberd.
The orc knight hits you with a +3 great sword!
* * * LOW HITPOINT WARNING * * *
The orc warrior hits you but does no damage.
You hit the orc knight but do no damage.
The orc knight is severely wounded.
You block the orc knight's attack.
You slash the orc knight!
The orc knight is almost dead.
You slash the orc knight!
You feel the power of Trog in you as your rage grows.
You kill the orc knight!
Trog accepts your kill. You block the orc warrior's attack.
The orc wizard hits you but does no damage.
Blork the orc points at you and mumbles some strange words.
The magic dart hits you but does no damage.
The orc warrior hits you from afar with a +0 glaive!
You die...

.....#.##.......#.#........+...#.
....####..###..#.....#.#...+.#...
......### #...#..$....#..#.#.##
........# ##.........###.#T....
).......# ##......#..##.######
))......# #...#.....$#.......
)..$....# ###........#########
.).......#####.......#.##
............)...@o..#...
.)).........)...o.).....
.)<......####..#o)o..#..
......... ####8)..8# .........
#.....# ...$..... #.....#
......... #....o# ......$..
....... .$.......


You could see Blork the orc, 2 orc warriors, an orc wizard (strong) and an orc
(strong).

Vanquished Creatures
  Gastronok (D:8)
  The ghost of Dutwide the Impaler, a journeyman MfGl of Yredelemnul (Lair:4)
  A catoblepas (Lair:6)
  An ice dragon (Lair:4)
  6 hydras
  A centaur warrior (D:9)
  A two-headed ogre (D:8)
  12 death yaks
  An orc high priest (Orc:2)
  Sonja (Lair:4)
  Amaemon (D:8)
  A goliath frog (Lair:6)
  Pikel (D:6)
  An orc knight (Orc:2)
  2 orc sorcerers (Orc:2)
  A manticore (Lair:2)
  7 black mambas
  3 elephants (Lair:3)
  27 cane toads
  An orange demon (D:8)
  Maggie (Lair:2)
  4 rime drakes
  7 komodo dragons
  A wind drake (Lair:2)
  A polar bear (Lair:5)
  3 trolls
  Grinder (D:3)
  Prince Ribbit (D:8)
  A hornet (D:7)
  3 tyrant leeches (Lair:6)
  10 dream sheep
  15 blink frogs
  2 wyverns
  37 yaks
  7 vampire mosquitoes
  2 basilisks
  5 wargs
  3 steam dragons
  A death yak simulacrum (Lair:4)
  2 nagas (Lair:4)
  16 water moccasins
  Duvessa (D:5)
  2 hydra simulacra (Lair:4)
  2 ice beasts
  2 black bears
  5 orc warriors
  2 sky beasts (D:6)
  A hornet zombie (D:6)
  8 wolves
  2 centaurs
  4 ogres
  4 phantoms
  3 lemures (D:6)
  3 kobold brigands
  15 bullfrogs
  3 scorpions
  A gnoll sergeant (D:5)
  A wyvern skeleton (D:6)
  A cane toad simulacrum (Lair:4)
  A water moccasin zombie (D:6)
  Dowan (D:5)
  4 killer bees (D:7)
  A torpor snail simulacrum (Lair:4)
  An electric eel (Lair:6)
  4 crimson imps (D:9)
  5 bullfrog zombies (D:6)
  A jelly (D:7)
  A bullfrog skeleton (D:6)
  2 gnoll boudas
  9 orc priests
  7 hounds
  3 iguanas
  19 orc wizards
  6 hell rats (Lair:5)
  A killer bee zombie (D:6)
  13 gnolls
  13 adders
  A white imp (D:7)
  4 worms
  4 dart slugs
  65 orcs
  4 bats
  6 endoplasms
  6 giant cockroaches
  7 goblins
  6 hobgoblins
  22 jackals
  17 kobolds
  A quokka (D:2)
  2 ball pythons
  5 frilled lizards
  5 rats
501 creatures vanquished.

Vanquished Creatures (collateral kills)
  An orc knight (Orc:2)
  A komodo dragon simulacrum (Lair:4)
  An orc priest (Orc:2)
3 creatures vanquished.

Vanquished Creatures (others)
  21 fungi
  104 plants
  A withered plant (D:6)
126 creatures vanquished.

Grand Total: 630 creatures vanquished

Notes
Turn   | Place    | Note
-------+----------+-------------------------------------------
     0 | D:1      | jejorda2 the Gnoll Berserker began the quest for the Orb.
     0 | D:1      | Reached XP level 1. HP: 23/23 MP: 1/1
   298 | D:1      | Reached XP level 2. HP: 28/29 MP: 2/2
   725 | D:1      | Reached XP level 3. HP: 35/35 MP: 3/3
  1237 | D:2      | Reached skill level 1 in Invocations
  1467 | D:2      | Reached skill level 1 in Long Blades
  1467 | D:2      | Reached skill level 1 in Axes
  1467 | D:2      | Reached skill level 1 in Maces & Flails
  1467 | D:2      | Reached skill level 1 in Polearms
  1467 | D:2      | Reached skill level 1 in Staves
  1467 | D:2      | Reached skill level 1 in Ranged Weapons
  1467 | D:2      | Reached skill level 1 in Throwing
  1467 | D:2      | Reached skill level 1 in Stealth
  1467 | D:2      | Reached skill level 1 in Shields
  1467 | D:2      | Reached skill level 1 in Unarmed Combat
  1467 | D:2      | Reached skill level 1 in Spellcasting
  1467 | D:2      | Reached skill level 1 in Evocations
  1985 | D:2      | Reached XP level 4. HP: 41/41 MP: 5/5
  2033 | D:2      | Reached ** piety under Trog
  2202 | D:2      | Reached skill level 1 in Conjurations
  2202 | D:2      | Reached skill level 1 in Hexes
  2202 | D:2      | Reached skill level 1 in Summonings
  2202 | D:2      | Reached skill level 1 in Necromancy
  2202 | D:2      | Reached skill level 1 in Translocations
  2202 | D:2      | Reached skill level 1 in Transmutations
  2202 | D:2      | Reached skill level 1 in Fire Magic
  2202 | D:2      | Reached skill level 1 in Ice Magic
  2202 | D:2      | Reached skill level 1 in Air Magic
  2202 | D:2      | Reached skill level 1 in Earth Magic
  2202 | D:2      | Reached skill level 1 in Poison Magic
  2223 | D:2      | Found a faded altar of an unknown god.
  2596 | D:3      | Reached XP level 5. HP: 47/47 MP: 5/7
  3041 | D:3      | Noticed Grinder
  3050 | D:3      | Killed Grinder
  3051 | D:3      | Reached skill level 5 in Armour
  3051 | D:3      | Reached skill level 5 in Dodging
  3051 | D:3      | Reached XP level 6. HP: 53/53 MP: 7/9
  3487 | D:4      | Reached skill level 7 in Short Blades
  3487 | D:4      | Reached XP level 7. HP: 44/60 MP: 10/10
  3490 | D:4      | Reached *** piety under Trog
  4063 | D:4      | Identified the +10 short sword of Ruarhup {freeze, Str+4}
  4184 | D:4      | Found a radiant altar of Vehumet.
  4250 | D:4      | Found a staircase to the Ecumenical Temple.
  4590 | D:5      | Entered Level 5 of the Dungeon
  4604 | D:5      | Reached XP level 8. HP: 67/67 MP: 12/12
  4792 | D:5      | Identified a scroll of acquirement
  4792 | D:5      | Acquired a manual of Short Blades
  5254 | D:5      | Noticed Dowan
  5255 | D:5      | Noticed Duvessa
  5258 | D:5      | Killed Dowan
  5263 | D:5      | Killed Duvessa
  5503 | D:5      | Reached XP level 9. HP: 73/73 MP: 14/14
  5559 | D:6      | Reached skill level 8 in Short Blades
  5660 | D:6      | Noticed Pikel
  5708 | D:6      | Killed Pikel
  5774 | D:6      | Reached skill level 5 in Invocations
  5790 | D:6      | Reached **** piety under Trog
  5849 | D:6      | Found a broken altar of Ashenzari.
  6238 | D:6      | Reached skill level 9 in Short Blades
  6388 | D:6      | Found a shimmering blue altar of Sif Muna.
  6535 | D:6      | Reached skill level 5 in Long Blades
  6535 | D:6      | Reached skill level 5 in Axes
  6535 | D:6      | Reached skill level 5 in Maces & Flails
  6535 | D:6      | Reached skill level 5 in Polearms
  6535 | D:6      | Reached skill level 5 in Staves
  6535 | D:6      | Reached skill level 5 in Ranged Weapons
  6535 | D:6      | Reached skill level 5 in Throwing
  6535 | D:6      | Reached skill level 5 in Stealth
  6535 | D:6      | Reached skill level 5 in Shields
  6535 | D:6      | Reached skill level 5 in Unarmed Combat
  6535 | D:6      | Reached skill level 5 in Spellcasting
  6535 | D:6      | Reached skill level 5 in Evocations
  6535 | D:6      | Reached XP level 10. HP: 81/81 MP: 17/17
  6742 | D:7      | Found a basalt altar of Yredelemnul.
  6788 | D:7      | Found Uhaax's Assorted Antiques.
  6795 | D:7      | Bought a sapphire potion for 23 gold pieces
  6795 | D:7      | Bought a scroll labelled JORHIU GUGOESH for 26 gold pieces
  7054 | D:7      | Found a faded altar of an unknown god.
  7055 | D:7      | Found a hazy altar of Hepliaklqana.
  7055 | D:7      | Found a faded altar of an unknown god.
  7057 | D:7      | Found a faded altar of an unknown god.
  7247 | D:7      | Identified the +7 mace "Liraik" {venom, Contam Fly Str-4
                  | Stlth+}
  7477 | D:8      | Noticed Gastronok
  7490 | D:8      | Killed Gastronok
  7495 | D:8      | Reached skill level 10 in Short Blades
  7642 | D:8      | Found a burning altar of Makhleb.
  7643 | D:8      | Found an iron altar of Okawaru.
  7653 | D:8      | Found an ancient bone altar of Kikubaaqudgha.
  7654 | D:8      | Found a hide-covered altar of Uskayaw.
  7684 | D:8      | Noticed a two-headed ogre
  7697 | D:8      | Killed a two-headed ogre
  7698 | D:8      | Reached skill level 5 in Conjurations
  7698 | D:8      | Reached skill level 5 in Hexes
  7698 | D:8      | Reached skill level 5 in Summonings
  7698 | D:8      | Reached skill level 5 in Necromancy
  7698 | D:8      | Reached skill level 5 in Translocations
  7698 | D:8      | Reached skill level 5 in Transmutations
  7698 | D:8      | Reached skill level 5 in Fire Magic
  7698 | D:8      | Reached skill level 5 in Ice Magic
  7698 | D:8      | Reached skill level 5 in Air Magic
  7698 | D:8      | Reached skill level 5 in Earth Magic
  7698 | D:8      | Reached skill level 5 in Poison Magic
  7698 | D:8      | Reached XP level 11. HP: 89/89 MP: 18/20
  7832 | D:8      | Noticed Amaemon
  7865 | D:8      | Killed Amaemon
  7963 | D:8      | Found a sacrificial altar of Ru.
  8050 | D:8      | Found a stormy altar of Qazlal.
  8094 | D:8      | Noticed Prince Ribbit
  8115 | D:8      | Killed Prince Ribbit
  8446 | D:9      | Found Sunnaon's Book Shoppe.
  8612 | D:9      | Reached ***** piety under Trog
  8773 | D:9      | Noticed a centaur warrior
  8789 | D:9      | Killed a centaur warrior
  8790 | D:9      | Reached skill level 11 in Short Blades
  9046 | D:9      | Found a shimmering altar of Xom.
  9197 | D:10     | Entered Level 10 of the Dungeon
  9518 | D:10     | Found a staircase to the Lair.
  9720 | D:10     | Found a staircase to the Orcish Mines.
  9857 | D:10     | Found Vadojow's Jewellery Shop.
  9862 | D:10     | Bought a ring of poison resistance for 280 gold pieces
 10237 | Lair:1   | Entered Level 1 of the Lair of Beasts
 10388 | Lair:1   | Reached XP level 12. HP: 97/97 MP: 22/22
 10797 | Lair:1   | Noticed a five-headed hydra
 10803 | Lair:1   | Killed a five-headed hydra
 10803 | Lair:1   | Received a gift from Trog
 11312 | Lair:2   | Found a staircase to the Shoals.
 11324 | Lair:2   | Reached skill level 10 in Fighting
 11576 | Lair:2   | Identified the +6 buckler of the Transparent God {Dex+2}
 11817 | Lair:2   | Found a runed translucent gate.
 11817 | Lair:2   | Found a runed translucent gate.
 11817 | Lair:2   | Found a runed translucent gate.
 11817 | Lair:2   | Noticed coolguy69's ghost (journeyman VSBe)
 11818 | Lair:2   | Noticed a five-headed hydra
 11898 | Lair:2   | Reached skill level 12 in Short Blades
 11966 | Lair:2   | Noticed a seven-headed hydra
 12231 | Lair:2   | Noticed Maggie
 12316 | Lair:2   | Killed Maggie
 12533 | Lair:2   | Killed a seven-headed hydra
 13270 | Lair:3   | Reached XP level 13. HP: 104/104 MP: 25/25
 13965 | Lair:4   | Noticed Sonja
 13972 | Lair:4   | Killed Sonja
 14083 | Lair:4   | Found a staircase to the Snake Pit.
 14228 | Lair:4   | Reached skill level 13 in Short Blades
 14231 | Lair:4   | Received a gift from Trog
 14388 | Lair:4   | Found a runed translucent gate.
 14388 | Lair:4   | Found a runed translucent gate.
 14388 | Lair:4   | Found a runed translucent gate.
 14412 | Lair:4   | Noticed Dutwide's ghost (journeyman MfGl)
 14418 | Lair:4   | Noticed an ice dragon
 15000 | Lair:4   | Killed an ice dragon
 15025 | Lair:4   | Killed Dutwide's ghost
 16079 | Lair:5   | Reached skill level 10 in Armour
 16079 | Lair:5   | Reached skill level 10 in Dodging
 17082 | Lair:6   | Entered Level 6 of the Lair of Beasts
 17251 | Lair:6   | Found a staircase to the Slime Pits.
 17252 | Lair:6   | Found a viscous altar of Jiyva.
 17313 | Lair:6   | Reached XP level 14. HP: 98/113 MP: 27/27
 17328 | Lair:6   | Reached skill level 10 in Invocations
 17509 | Lair:6   | Reached skill level 14 in Short Blades
 17863 | Lair:6   | HP: 3/113 [death yak (14)]
 18219 | Lair:6   | Identified the +1 whip "Tesuox" {holy, rF+ rC++ Str+3
                  | Dex-2}
 18530 | Lair:6   | Found the +8 autumn katana {vorpal, manifold assault}
 19344 | D:7      | Bought a shiny plate armour for 676 gold pieces
 19428 | Orc:1    | Entered Level 1 of the Orcish Mines
 19676 | Orc:2    | Entered Level 2 of the Orcish Mines
 19694 | Orc:2    | Paralysed by an orc sorcerer for 3 turns
 19726 | Orc:2    | Found a runed translucent gate.
 19726 | Orc:2    | Found a runed translucent gate.
 19726 | Orc:2    | Found a runed translucent gate.
 19739 | Orc:2    | Noticed IndoAryan's ghost (journeyman HuAK)
 19949 | Orc:2    | Noticed Blork the orc
 19949 | Orc:2    | HP: 3/171 [orc knight/+3 great sword (14)]
 19953 | Orc:2    | Mangled by an orc warrior

Illustrated notes

Levels and vault maps discovered:
D:1:      nicolae_arrival_memento_mori, layout_basic
D:2:      layout_loops_cross, shapermc_ecumenical_altar_starsandcircs,
          minmay_crystal_water, hex_medium, kennysheep_generic_room_3
D:3:      layout_basic, guppyfry_early_lair_pool, uniq_grinder
D:4:      layout_basic, vehumet_altar_wand_db, minmay_temple_entry_trees,
          hangedman_decor_growths, minmay_starry_boxes
D:5:      layout_cave_pools, uniq_duvessa
D:6:      cheibrodos_steamvent, layout_basic, lemuel_crystal_altar,
          evilmike_ruin_ashenzari, serial_undead, serial_undead_c,
          serial_undead_d, serial_undead_a, serial_undead_a, serial_undead_f,
          uniq_pikel
D:7:      layout_basic, nicolae_overflow_crystal_walls,
          nicolae_hepliaklqana_ecumenical_no_more, serial_shops, shop
D:8:      layout_gridville, marbit_many_paths, lemuel_doored_altar,
          chequers_temple_overflow_statue_of_worship, nrook_pool_corridor,
          dk_noncrumbling_3, kennysheep_small_circle, uniq_amaemon,
          uniq_gastronok, uniq_prince_ribbit1
D:9:      layout_roguey, led_xom_imps, serial_shops, shop
D:10:     layout_loops_corners, david_lair_shrubbed,
          minmay_orc_entry_guard_dogs, serial_shops,
          nicolae_shop_hallway_stairs, grunt_ministairs_15
Lair:1:   layout_loops_ring
Lair:2:   layout_layer_cave, minmay_shoals_entry_beasts, gammafunk_ghost_split,
          uniq_maggie
Lair:3:   layout_long_grid, minivault_19, beast_lair_carwin_11
Lair:4:   layout_hall_layers, guppyfry_snake_entry_garden, gammafunk_ghost_icy,
          uniq_sonja
Lair:5:   layout_roguey, patterned_corridor
Lair:6:   minmay_lair_end_frog_pond, layout_concentric_octagons, slime_entry_1
Orc:1:    layout_caves
Orc:2:    grunt_orc_cross, layout_caves, maelrawn_ghost_gauntlet_escape,
          enter_volcano_3

Skill      XL: |  1  2  3  4  5  6  7  8  9 10 11 12 13 14 |
---------------+-------------------------------------------+-----
Invocations    | 1 2 3 4 5 6 7 8 9 10 | 10.7
Long Blades    | 1 2 3 5 6 7 8 9 |  9.9
Axes           | 1 2 3 5 6 7 8 9 |  9.9
Maces & Flails | 1 2 3 5 6 7 8 9 |  9.9
Polearms       | 1 2 3 5 6 7 8 9 |  9.9
Staves         | 1 2 3 5 6 7 8 9 |  9.9
Ranged Weapons | 1 2 3 5 6 7 8 9 |  9.9
Throwing       | 1 2 3 5 6 7 8 9 |  9.9
Stealth        | 1 2 3 5 6 7 8 9 |  9.9
Shields        | 1 2 3 5 6 7 8 9 |  9.9
Unarmed Combat | 1 2 3 5 6 7 8 9 |  9.9
Spellcasting   | 1 2 3 5 6 7 8 9 |  9.9
Evocations     | 1 2 3 5 6 7 8 9 |  9.9
Conjurations   | 1 2 3 4 5 6 7 8 |  8.2
Hexes          | 1 2 3 4 5 6 7 8 |  8.2
Summonings     | 1 2 3 4 5 6 7 8 |  8.2
Necromancy     | 1 2 3 4 5 6 7 8 |  8.2
Translocations | 1 2 3 4 5 6 7 8 |  8.2
Transmutations | 1 2 3 4 5 6 7 8 |  8.2
Fire Magic     | 1 2 3 4 5 6 7 8 |  8.2
Ice Magic      | 1 2 3 4 5 6 7 8 |  8.2
Air Magic      | 1 2 3 4 5 6 7 8 |  8.2
Earth Magic    | 1 2 3 4 5 6 7 8 |  8.2
Poison Magic   | 1 2 3 4 5 6 7 8 |  8.2
Armour         | 5 6 7 8 9 10 | 10.9
Dodging        | 5 6 7 8 9 10 | 10.9
Fighting       | 7 8 9 10 11 | 11.8
Short Blades   | 7 9 10 11 12 13 14 | 14.7

Action                   |  1- 3 |  4- 6 |  7- 9 | 10-12 | 13-15 || total
-------------------------+-------+-------+-------+-------+-------++-------
Melee: Short sword       |    59 |       |   246 |   659 |   760 ||  1724
       Bite              |    14 |    29 |    35 |    80 |   127 ||   285
       Dagger            |   115 |   207 |    71 |       |       ||   393
       Punch             |     1 |     5 |    14 |    22 |       ||    42
       Katana            |       |       |       |       |   117 ||   117
Throw: Stone             |       |       |     3 |     1 |       ||     4
       Dart              |       |       |       |       |    22 ||    22
       Boomerang         |       |       |       |       |     6 ||     6
Invok: Berserk           |     3 |     4 |     6 |    12 |    11 ||    36
       Trog's Hand       |       |     1 |       |     4 |     8 ||    13
       Brothers in Arms  |       |       |       |       |     4 ||     4
Evoke: Wand              |       |       |       |     1 |     8 ||     9
       Phial of floods   |       |       |       |       |     1 ||     1
  Use: Scroll            |       |       |    14 |    13 |       ||    27
       Potion            |       |       |       |       |     6 ||     6
Armor: Animal skin       |     9 |       |       |       |       ||     9
       Scale mail        |    42 |    35 |       |       |       ||    77
       Chain mail        |       |    28 |    22 |       |       ||    50
       Plate armour      |       |       |   119 |   226 |   181 ||   526
       Ice dragon scales |       |       |       |       |     4 ||     4
Dodge: Dodged            |    82 |    81 |    93 |   176 |   164 ||   596
Block: Buckler           |       |       |       |    50 |   295 ||   345

Table legend: (Time is in decaauts)
 A = Elapsed time spent in this place.
 B = Non-inter-level travel time spent in this place.
 C = Inter-level travel time spent in this place.
 D = Time resting spent in this place.
 E = Time spent auto-exploring this place.
 F = Levels seen in this place.
 G = Mean time per level.
                   A        B        C        D        E       F      G
               +--------+--------+--------+--------+--------+-----+--------+
         Total |  19399 |  18526 |    873 |   2133 |  12918 |  18 | 1077.7 |
       Dungeon |  10246 |   9637 |    609 |    865 |   6952 |  10 | 1024.6 |
          Lair |   8656 |   8420 |    236 |   1268 |   5761 |   6 | 1442.7 |
  Orcish Mines |    496 |    469 |     27 |      0 |    205 |   2 |  248.0 |
               +--------+--------+--------+--------+--------+-----+--------+

Top non-repeatable levels by time:
  Lair:6: 1882 daAuts
  Lair:4: 1723 daAuts
  Lair:5: 1649 daAuts
  Lair:2: 1567 daAuts
     D:4: 1421 daAuts
     D:2: 1342 daAuts
     D:1: 1188 daAuts
     D:6: 1081 daAuts
    D:10: 992 daAuts
  Lair:1: 958 daAuts
     D:9: 923 daAuts
  Lair:3: 874 daAuts
     D:5: 862 daAuts
     D:7: 854 daAuts
     D:8: 848 daAuts
